Map: Orbital Shipyard

Players

Xeeg - Winner!

  • Race: Zerg Zerg
  • League: Diamond

LilDicky

  • Race: Terran Terran
  • League: Diamond

VOD

http://www.twitch.tv/tumescentpie

Description

Time

  • Played on: Nov. 23, 2015, 3:15 p.m.
  • Length: 10:06
Show
View Real Time Build Order
Export as new Build Order

Xeeg Zerg - Winner!

Build Orders: Hatch First 

Get SALT Encoding   

  12  0:01  Drone  
  13  0:08  Drone  
  14  0:17  Overlord  
  14  0:22  Extractor  
  14  0:23  Drone  
  16  0:35  Drone x2  
  17  0:44  Drone  
  18  0:54  Drone  
  19  0:58  Hatchery  
  18  1:05  Drone  
  19  1:16  Spawning Pool  
  19  1:18  Drone  
  19  1:37  Hatchery  
  18  1:41  Drone  
  18  1:46  Overlord  
  19  2:02  Queen  
  19  2:04  Spine Crawler  
  19  2:06  Drone  
  19  2:08  Drone  
  22  2:17  Queen  
  24  2:29  Spine Crawler  
  23  2:38  Drone  
  23  2:39  Drone x3  
  27  2:50  Queen  
  28  2:56  Drone x2  
  30  3:02  Drone x2  
  32  3:13  Queen  
  32  3:16  Drone x2  
  32  3:19  Drone  
  37  3:20  Drone  
  37  3:21  Drone  
  37  3:26  Extractor  
  38  3:31  Drone x2  
  38  3:33  Queen  
  42  3:40  Overlord  
  42  3:41  Overlord  
  42  3:55  Overlord  
  42  3:58  Queen x2  
  46  4:11  Drone x5  
  46  4:12  Drone x4  
  46  4:13  Drone  
  46  4:16  Extractor  
  55  4:17  Drone  
  55  4:18  Extractor  
  55  4:24  Drone  
  55  4:25  Drone x3  
  55  4:29  Extractor  
  55  4:31  Lair  
  58  4:42  Drone x4  
  58  4:45  Overlord, Queen  
  64  4:46  Drone  
  65  4:55  Drone  
  66  5:02  Overlord x2  
  66  5:06  Spore Crawler  
  65  5:09  Spore Crawler  
  65  5:12  Spore Crawler  
  63  5:14  Drone x4  
  63  5:15  Drone x6, Extractor  
  63  5:16  Extractor  
  71  5:22  Spore Crawler  
  70  5:30  Drone  
  70  5:31  Drone  
  70  5:33  Overseer  
  70  5:34  Pneumatized Carapace  
  72  5:40  Spire, Infestation Pit  
  70  5:56  Drone x5  
  75  6:19  Drone x2  
  75  6:21  Overlord x2  
  77  6:28  Drone x6  
  77  6:31  Hydralisk Den  
  82  6:35  Roach Warren  
  81  6:47  Overseer  
  81  6:56  Mutalisk x4  
  81  6:57  Mutalisk x6  
  81  6:58  Overlord  
  81  6:59  Overlord x2  
  99  7:09  Mutalisk  
  99  7:10  Hatchery  
  99  7:14  Roach x3  
  99  7:15  Roach x3  
  106  7:18  Zergling x2  
  106  7:19  Roach  
  105  7:30  Roach  
  105  7:31  Roach x8  
  105  7:33  Roach x2  
  122  7:39  Drone x2  
  122  7:54  Hive  
  122  8:00  Hatchery  
  122  8:04  Glial Reconstitution  
  122  8:05  Overlord x3  
  121  8:06  Hatchery, Overlord  
  120  8:20  Infestor x3  
  120  8:26  Hatchery  
  125  8:43  Roach  
  125  8:44  Roach x5  
  135  8:58  Ravager x4  
  135  9:01  Zergling x2  
  135  9:02  Roach x4  
  150  9:03  Roach x4  
  156  9:10  Drone  
  156  9:11  Drone x6  
  156  9:12  Drone x2  
  165  9:20  Queen  
  165  9:21  Drone  
  165  9:22  Drone x2  
  170  9:24  Queen  
  172  9:36  Roach x4  
  167  9:59  Ravager x2  
  166  10:00  Ravager x3  
Show
View Real Time Build Order
Export as new Build Order

LilDicky Terran 

Build Orders: Reaper Expand 

Get SALT Encoding   

  12  0:01  SCV  
  13  0:13  SCV  
  14  0:18  Supply Depot  
  14  0:26  SCV  
  15  0:28  Refinery  
  15  0:40  SCV  
  16  0:45  Barracks  
  16  0:54  SCV  
  17  1:06  SCV  
  18  1:18  SCV  
  19  1:32  Orbital Command  
  19  1:35  Reaper  
  20  1:44  Command Center  
  20  1:59  Supply Depot  
  20  2:00  SCV  
  21  2:01  Refinery  
  21  2:07  Reaper  
  22  2:12  SCV  
  23  2:23  Factory  
  23  2:27  SCV  
  24  2:48  Barracks Reactor  
  24  2:57  SCV  
  26  3:06  Orbital Command  
  26  3:09  Factory Reactor  
  26  3:12  Starport  
  25  3:13  SCV  
  26  3:41  SCV x2  
  26  3:43  Hellion  
  26  3:44  Hellion  
  26  3:45  Barracks Reactor  
  32  3:56  SCV x2  
  34  4:04  Barracks  
  34  4:05  Barracks  
  34  4:07  Barracks  
  34  4:09  Barracks  
  33  4:17  SCV x2  
  35  4:24  Liberator  
  35  4:26  Hellion x2  
  35  4:28  Barracks Tech Lab  
  35  4:29  SCV  
  40  4:36  SCV  
  44  4:47  SCV, Supply Depot x3  
  44  4:48  SCV  
  44  4:51  Liberator  
  46  4:56  Stimpack  
  46  5:04  Supply Depot  
  46  5:05  Barracks Reactor x3  
  46  5:06  Barracks Reactor  
  46  5:08  SCV, Barracks Tech Lab  
  46  5:09  Hellion  
  52  5:17  Liberator  
  52  5:18  SCV  
  52  5:21  SCV, Marine  
  55  5:27  Marine  
  56  5:31  SCV, Hellion x2  
  62  5:56  Marauder, Marine x2  
  62  5:57  Marine x2, Marauder  
  70  6:18  Marauder x2, Marine x3  
  67  6:22  SCV  
  68  6:26  SCV  
  68  6:30  Medivac  
  71  6:34  SCV  
  71  6:36  Marine  
  71  6:37  Command Center, Marine x2  
  71  6:39  SCV, Marauder  
  78  6:43  Supply Depot  
  78  6:44  Supply Depot  
  78  6:46  SCV  
  81  6:47  Marauder  
  81  6:51  SCV  
  82  6:54  Marine  
  82  6:55  Marine  
  82  6:59  SCV  
  82  7:01  Marauder  
  87  7:03  SCV  
  86  7:28  Marine x2  
  82  7:36  Marine x3  
  74  7:37  Marine, Marauder x2  
  74  7:41  SCV x2  
  66  7:46  Marine x2  
  68  7:52  Engineering Bay, Orbital Command  
  68  7:53  SCV, Marine  
  68  7:54  Marine x2  
  68  7:55  Marine  
  68  7:58  Engineering Bay  
  73  7:59  Engineering Bay  
  73  8:00  Refinery, Marine x2  
  73  8:01  Refinery  
  73  8:03  Widow Mine  
  73  8:04  Marine x2  
  79  8:06  Medivac  
  79  8:10  SCV  
  79  8:11  SCV, Marine  
  84  8:14  Marine  
  84  8:18  Missile Turret  
  85  8:22  SCV  
  85  8:23  Hi-Sec Auto Tracking, Missile Turret  
  86  8:28  SCV  
  86  8:32  Missile Turret  
  87  8:35  Missile Turret, Marine  
  88  8:54  Missile Turret  
  86  8:55  Missile Turret  
  86  9:02  SCV x2, Missile Turret, Marine x2  
  90  9:03  Missile Turret  
  90  9:11  Armory  
  90  9:12  Marine x2  
  90  9:13  Missile Turret, Marauder x2  
  90  9:16  Supply Depot  
  96  9:17  Missile Turret, Marine  
  96  9:18  Missile Turret  
  96  9:19  Supply Depot  
  96  9:20  SCV x2  
  99  9:24  Missile Turret, Widow Mine  
  99  9:27  Medivac  
  99  9:29  Medivac  
  105  9:34  SCV x2, Supply Depot  
  105  9:35  Marauder  
Tags
 
Add a new tag
Caveats
  • Supply blocks, unpowered buildings, or Contaminate may cause inaccurate times.
  • Supply counts are checked every 10 seconds.